AoeStats
← L_S_D_D_S_L

Arabia

507944291Analyzed
1v1 RM · 13d ago on Sep 20, 2026· 41m 14s· 2 players
Game mode
Random Map
Map size
Tiny (2 player)
Population
200
Speed
Normal
Resources
Standard
Victory
Conquest
Starting age
Dark Age
Ending age
Imperial Age
RankedLock teamsTeams togetherTeam positionsShared explorationLock speedFull tech treeHidden civsTurbo modeCheats
Victory
Defeat
🇮🇳 Khmer · India
882
+16
🇮🇹 Franks · Italy
884
-16
Zero Wins Gamer
4:48 Loom
13:58 Feudal Age
15:25 Wheelbarrow
18:07 Castle Age
16:14 Double-Bit Axe
16:45 Stone Mining
17:41 Gold Mining
19:22 Horse Collar
20:41 Stone Shaft Mining
24:16 Pikeman
26:50 Scale Mail Armor
30:45 Hand Cart
34:19 Imperial Age
32:56 Chain Mail Armor
33:15 Forging
34:59 Gold Shaft Mining
34:33 Heavy Plow
35:34 Conscription
34:55 Heavy Scorpion
36:26 Bow Saw
37:27 Ballistics
38:05 Double Crossbow
39:49 Chemistry
40:10 Siege Engineers
L_S_D_D_S_L
5:37 Loom
10:44 Feudal Age
13:28 Double-Bit Axe
20:21 Castle Age
19:28 Forging
19:58 Scale Barding Armor
21:34 Bow Saw
23:16 Husbandry
27:37 Wheelbarrow
29:56 Hand Cart
31:03 Fletching
31:13 Stone Mining
31:57 Gold Mining
34:02 Gold Shaft Mining
38:17 Imperial Age
36:58 Iron Casting
36:44 Chain Barding Armor
36:24 Bodkin Arrow
40:13 Chemistry
38:54 Cavalier
40:06 Conscription
Connection lost

Rejoining the realm…

Still unreachable

The connection could not be restored.

Session expired

The server has moved on; the page needs a fresh start.